 Dungeon Crawl Stone Soup version 0.27-a0-1105-g946c659c87 (webtiles) character file.

Game seed: 6842551341063656058

697 Iziaslaw the Covered (level 7, -2/61 HPs)
             Began as a Hill Orc Fighter on Apr 30, 2021.
             Was a Follower of Cheibriados.
             Slain by an iguana (5 damage)
             ... on level 7 of the Dungeon.
             The game lasted 01:19:26 (3597 turns).

Iziaslaw the Covered (Hill Orc Fighter)             Turns: 3597, Time: 01:19:26

Health: -2/61      AC: 11    Str: 23    XL:     7   Next: 65%
Magic:  7/7        EV:  6    Int: 10    God:    Cheibriados [*.....]
Gold:   155        SH: 10    Dex: 12    Spells: 6/6 levels left

rFire    . . .     SeeInvis .   y - +2 war axe (elec)
rCold    . . .     Faith    .   c - +0 kite shield
rNeg     . . .     Spirit   .   f - +0 chain mail
rPois    .         Reflect  .   i - +0 helmet
rElec    .         Harm     .   (no cloak)
rCorr    .         Rampage  .   (no gloves)
Will     .....                  (no boots)
Stlth    ..........             (no amulet)
HPRegen  0.20/turn              (no ring)
MPRegen  0.10/turn              (no ring)

@: very slow
A: no striking features
a: Renounce Religion, Convert to Beogh, Bend Time


You were on level 7 of the Dungeon.
You worshipped Cheibriados.
Cheibriados was aware of your devotion.
You visited 2 branches of the dungeon, and saw 7 of its levels.

You collected 155 gold pieces.

Inventory:

Hand Weapons
 a - a +0 rapier
 b - a +0 dagger
 j - a +0 hunting sling
 k - a +0 club
 l - a +0 whip
 q - a +0 whip
 r - a +0 short sword
 t - a +0 club
 u - a +0 giant club
 x - a +0 dagger
 y - a +2 war axe of electrocution (weapon)
 z - a +0 whip
 B - a +0 falchion
 C - a +1 dagger of protection
 E - a +0 trident
 F - a +0 falchion
 G - a +1 whip of venom
 H - a +0 flail
 I - a +0 whip
 L - a +0 hand axe
 N - a +0 short sword
Missiles
 d - 59 stones (quivered)
 g - 35 sling bullets
 m - 25 arrows
 O - 4 boomerangs
Armour
 c - a +0 kite shield (worn)
 e - a +0 scale mail
 f - a +0 chain mail (worn)
 h - a +0 leather armour
 i - a +0 helmet (worn)
 o - a +0 robe
 D - a +0 buckler
 J - a +0 leather armour
 K - a +0 robe
 P - a +0 scale mail
Jewellery
 w - a ring of poison resistance
Scrolls
 n - a scroll of fog {unknown}
 p - a scroll of vulnerability {unknown}
 s - 2 scrolls of identify {unknown}
 v - a scroll of teleportation {unknown}
 M - a scroll of enchant armour {unknown}
Potions
 A - a potion of resistance {unknown}


   Skills:
 + Level 5.0 Fighting
 + Level 4.3 Short Blades
 + Level 3.6 Axes
 + Level 5.2 Armour
 + Level 1.1 Dodging
 + Level 0.3 Stealth
 * Level 5.2 Shields
 * Level 1.0 Invocations


You had 6 spell levels left.
You didn't know any spells.
Your spell library contained the following spells:

 Spells                   Type           Power      Damage    Failure   Level
 Animate Skeleton         Necr           0%         N/A       100%        1
 Apportation              Tloc           0%         N/A       100%        1
 Beastly Appendage        Tmut           0%         N/A       100%        1
 Corona                   Hex            0%         N/A       100%        1
 Foxfire                  Conj/Fire      0%         2x1d4     100%        1
 Summon Small Mammal      Summ           0%         N/A       100%        1
 Wereblood                Tmut           0%         N/A       100%        2
 Conjure Flame            Conj/Fire      0%         6-21      100%        3
 Inner Flame              Hex/Fire       0%         N/A       100%        3
 Spider Form              Tmut/Pois      0%         N/A       100%        3
 Ice Form                 Ice/Tmut       0%         N/A       100%        4
 Sticky Flame             Conj/Fire      0%         2d3       100%        4
 Fireball                 Conj/Fire      0%         3d3       100%        5
 Hydra Form               Tmut           0%         N/A       100%        5


Dungeon Overview and Level Annotations

Branches:
Dungeon (5/15)             Temple (1/1) D:4

Altars:
Cheibriados
Dithmenos
Gozag
Kikubaaqudgha
Makhleb
Sif Muna
Uskayaw
Xom
Zin

Annotations:
D:3 1 transporter, 1 exclusion


Message History

The orc priest invokes the aid of Beogh against you.
Pain shoots through your body!
Found a papyrus book.
The orc shouts!
You closely miss the orc warrior.
The orc priest shouts, "Surrender to Beogh and we'll let you live!"
You block the orc warrior's attack.
The orc priest calls down the wrath of Beogh upon you.
Pain shoots through your body! You block the orc warrior's attack.
You barely miss the orc warrior. You closely miss the orc priest.
You slash the orc!
You kill the orc!
Cheibriados appreciates the change of pace.
You hit the orc. Lightning courses through the orc!
You kill the orc!
Cheibriados thoroughly appreciates the change of pace.
The orc priest looks braver for a moment.
The orc warrior hits you with a +0 dire flail!
The orc priest calls down the wrath of Beogh upon you.
Beogh smites you!
The orc priest shouts, "Beogh is our master!
Accept the truth or die!"
You hit the orc priest.
The orc priest is moderately wounded.
Your shield and chain mail prevent you from hitting the orc warrior.
The orc warrior hits you with a +0 dire flail!
The orc priest hits you with a +0 whip.
* * * LOW HITPOINT WARNING * * *
You block the orc warrior's attack.
An iguana comes into view.
The iguana moves out of view.
The iguana hisses angrily.
The orc priest looks satisfied for a moment.
The orc warrior hits you with a +0 dire flail.
* * * LOW HITPOINT WARNING * * *
The orc warrior hits you but does no damage.
The orc warrior hits you with a +0 dire flail!
* * * LOW HITPOINT WARNING * * *
The iguana bites you but does no damage.
The iguana bites you.
You die...

#..............
#.)........
######..)......
#..>##..#####..
#...##..## ...
#...###..###...
#....##........
#..oo..........
#..@l..........
#...###........
#.)†#..........
#...#.#........
###...####.....
##..# .....
#...# .....
#..##### .#.#
#......# #.# ..


You could see an orc warrior, an iguana and an orc priest.

Vanquished Creatures
  A black bear (D:5)
  A necrophage (D:4)
  An ogre (D:3)
  2 phantoms
  2 scorpions
  A hound (D:5)
  An iguana (D:3)
  An orc wizard (D:7)
  An adder (D:5)
  An adder skeleton (D:4)
  12 orcs
  6 endoplasms
  2 giant cockroaches (D:1)
  3 goblins
  A hobgoblin (D:1)
  9 jackals
  5 quokkas
  8 ball pythons
  4 bats
  2 frilled lizards
  2 kobolds
  3 rats (D:1)
69 creatures vanquished.

Vanquished Creatures (others)
  4 fungi (D:1)
  6 plants (D:1)
10 creatures vanquished.

Grand Total: 79 creatures vanquished

Notes
Turn   | Place    | Note
-------+----------+-------------------------------------------
     0 | D:1      | Iziaslaw the Hill Orc Fighter began the quest for the Orb.
     0 | D:1      | Reached XP level 1. HP: 19/19 MP: 1/1
   134 | D:1      | Reached XP level 2. HP: 14/27 MP: 2/2
  1207 | D:1      | Found a faded altar of an unknown god.
  1270 | D:1      | Reached XP level 3. HP: 21/33 MP: 3/3
  2039 | D:3      | Found an ancient bone altar of Kikubaaqudgha.
  2108 | D:3      | Noticed an ogre
  2109 | D:3      | Noticed a scorpion
  2122 | D:3      | Killed an ogre
  2123 | D:3      | Reached XP level 4. HP: 38/40 MP: 4/4
  2123 | D:3      | Reached XP level 5. HP: 44/46 MP: 5/5
  2163 | D:3      | Found a transporter.
  2674 | D:4      | Noticed a necrophage
  2685 | D:4      | Killed a necrophage
  2686 | D:4      | Reached skill level 1 in Dodging
  2686 | D:4      | Reached XP level 6. HP: 49/53 MP: 6/6
  2710 | D:4      | Found a staircase to the Ecumenical Temple.
  2757 | Temple   | Entered the Ecumenical Temple
  2837 | Temple   | Became a worshipper of Cheibriados the Contemplative
  3020 | D:5      | Entered Level 5 of the Dungeon
  3173 | D:5      | Reached skill level 1 in Axes
  3173 | D:5      | Reached skill level 5 in Shields
  3173 | D:5      | Reached XP level 7. HP: 55/60 MP: 7/7
  3242 | D:5      | Reached skill level 5 in Armour
  3250 | D:5      | Found a shimmering altar of Xom.
  3306 | D:5      | You fall into a shaft and drop 2 floors!
  3321 | D:7      | Reached skill level 5 in Fighting
  3414 | D:7      | Reached * piety under Cheibriados
  3543 | D:7      | Reached skill level 1 in Invocations
  3596 | D:7      | HP: 2/61 [orc warrior/+0 dire flail (15)]
  3597 | D:7      | Slain by an iguana

Illustrated notes

Levels and vault maps discovered:
D:1:      wander_arrival_lonely_grave, layout_basic,
          shapermc_ecumenical_altar_mp_urbaneastern
D:2:      layout_rooms
D:3:      gammafunk_wand_slinger, layout_loops_ring, kiku_gazebo_pond_becter,
          st_stairs_4, nrook_uturn, minmay_misc_feat_enclosed,
          minmay_misc_feat_encased
D:4:      layout_basic, minmay_temple_entry_mini_moons,
          chequers_serial_rivers_large_a
D:5:      layout_loops_ring, tgw_xom, uniq_crazy_yiuf_cottage
D:7:      layout_rooms, chequers_temple_overflow_minitemple, serial_shops,
          kennysheep_little_box, uniq_prince_ribbit1
Temple:   hc_temple_tempest_star

Skill      XL: |  1  2  3  4  5  6  7 |
---------------+----------------------+-----
Fighting       | 4 5 |  5.0
Armour         | 4 5 |  5.2
Shields        | 4 5 |  5.2
Short Blades   | 3 4 |  4.3
Dodging        | 1 |  1.1
Axes           | 1 3 |  3.6
Invocations    | 1 |  1.0
Stealth        | |  0.3

Action                   |  1- 3 |  4- 6 |  7- 9 || total
-------------------------+-------+-------+-------++-------
Melee: Rapier            |   139 |    37 |       ||   176
       War axe           |       |    23 |    45 ||    68
  Use: Scroll            |     1 |       |       ||     1
       Potion            |     1 |       |       ||     1
Armor: Scale mail        |    63 |       |       ||    63
       Chain mail        |     6 |    37 |    35 ||    78
Dodge: Dodged            |    35 |    11 |    20 ||    66
Block: Kite shield       |    74 |    30 |    32 ||   136

Table legend: (Time is in decaauts)
 A = Elapsed time spent in this place.
 B = Non-inter-level travel time spent in this place.
 C = Inter-level travel time spent in this place.
 D = Time resting spent in this place.
 E = Time spent auto-exploring this place.
 F = Levels seen in this place.
 G = Mean time per level.
                   A        B        C        D        E       F      G
               +--------+--------+--------+--------+--------+-----+--------+
         Total |   3865 |   3850 |     15 |    648 |      0 |   7 |  552.1 |
       Dungeon |   3708 |   3693 |     15 |    648 |      0 |   6 |  618.0 |
        Temple |    157 |    157 |      0 |      0 |      0 |   1 |  157.0 |
               +--------+--------+--------+--------+--------+-----+--------+

Top non-repeatable levels by time:
     D:1: 1616 daAuts
     D:3: 679 daAuts
     D:2: 423 daAuts
     D:5: 387 daAuts
     D:7: 350 daAuts
     D:4: 251 daAuts
  Temple: 157 daAuts
